 Dungeon Crawl Stone Soup version 0.25-a0-589-g1e14c549ee (webtiles) character file.

Game seed: 16193525548296456090, levelgen mode: deterministic

85 HailSeitan the Slasher (level 4, -7/36 HPs)
             Began as a Barachi Fighter on Mar 9, 2020.
             Was an Initiate of Ru.
             Mangled by Grinder (9 damage)
             ... on level 3 of the Dungeon.
             The game lasted 00:03:46 (2041 turns).

HailSeitan the Slasher (Barachi Fighter)            Turns: 2041, Time: 00:03:47

Health: -7/36      AC:  4    Str: 18    XL:     4   Next: 48%
Magic:  4/4        EV:  8    Int:  8    God:    Ru [......]
Gold:   76         SH:  9    Dex: 12    Spells: 3/3 levels left

rFire    + . .     SeeInvis .   a - +0 long sword
rCold    x . .     Gourm    .   c - +0 kite shield
rNeg     + . .     Faith    .   e - +1 leather armour {rN+}
rPois    .         Spirit   .   (no helmet)
rElec    .         Reflect  .   (no cloak)
rCorr    .         Harm     .   (no gloves)
MR       .....                  (no boots)
Stlth    +.........             (no amulet)
HPRegen  0.12/turn              n - ring of fire
MPRegen  0.09/turn              (no ring)

@: mighty, slow
A: +LOS, swims, slowness 1, strong legs 1
a: Hop, Renounce Religion


You were on level 3 of the Dungeon.
You worshipped Ru.
Ru was noncommittal.
You were not hungry.

You visited 1 branch of the dungeon, and saw 3 of its levels.

You collected 76 gold pieces.

Inventory:

Hand Weapons
 a - a +0 long sword (weapon)
Missiles
 l - 4 atropa-tipped darts (quivered)
Armour
 b - a +0 scale mail
 c - a +0 kite shield (worn)
 e - a +1 leather armour of positive energy (worn)
Jewellery
 n - a ring of fire (left hand)
Scrolls
 h - 4 scrolls of identify {unknown}
 j - 2 scrolls of magic mapping {unknown}
 k - 2 scrolls of teleportation {unknown}
 o - 2 scrolls of amnesia {unknown}
Potions
 g - a potion of curing {unknown}
 i - a potion of berserk rage {unknown}
 p - a potion of resistance {unknown}
Comestibles
 f - 6 rations
 m - a chunk of flesh


   Skills:
 - Level 3.6 Fighting
 + Level 5.5 Long Blades
 - Level 3.6 Armour
 - Level 3.2 Shields


You had 3 spell levels left.
You didn't know any spells.
Your spell library was empty.

Dungeon Overview and Level Annotations

Branches:
Dungeon (3/15)

Altars:
Ru

Annotations:
D:3 Grinder


Innate Abilities, Weirdness & Mutations

You can be seen from farther away. (+LOS)
You can swim through water.
You cover ground slowly.
You can hop short distances.


Message History

Grinder is moderately wounded.
Grinder barely misses you.
You riposte.
You hit Grinder.
Grinder is moderately wounded.
Grinder gestures at you. Pain shoots through your body!
You slash Grinder!
Grinder is severely wounded.
Grinder hits you!
* * * LOW HITPOINT WARNING * * *
Unknown command.
You hit Grinder.
Grinder is severely wounded.
You block Grinder's attack.
You closely miss Grinder.
Grinder is severely wounded.
Grinder hits you but does no damage.
You slash Grinder!
Grinder is almost dead.
Grinder hits you!
You die...

###############
.............##
#.....###...##########
#............[..#.#.#.
#(..5@.........#.#.#.#
##...##.........###.##
.........).......#.#.#.#
.......####.....#..#.#.#.
.#####. ##...##########
#. #.#.# # #.#(# #.#.#
#.#.#


You could see Grinder.

Vanquished Creatures
  3 adders
  A worm (D:2)
  2 dart slugs
  2 leopard geckos
  6 bats
  4 giant cockroaches
  7 hobgoblins
  4 kobolds (D:1)
  2 frilled lizards (D:1)
  8 goblins
  10 rats
49 creatures vanquished.

Notes
Turn   | Place    | Note
-------+----------+-------------------------------------------
     0 | D:1      | HailSeitan the Barachi Fighter began the quest for the Orb.
     0 | D:1      | Reached XP level 1. HP: 18/18 MP: 1/1
    45 | D:1      | Reached skill level 3 in Long Blades
    77 | D:1      | Reached XP level 2. HP: 24/24 MP: 2/2
   359 | D:1      | Reached skill level 4 in Long Blades
   412 | D:1      | Reached XP level 3. HP: 29/29 MP: 3/3
  1245 | D:2      | Reached skill level 5 in Long Blades
  1336 | D:2      | Reached XP level 4. HP: 17/36 MP: 4/4
  1605 | D:2      | Found a sacrificial altar of Ru.
  1614 | D:2      | Became a worshipper of Ru the Awakened
  2019 | D:3      | Noticed Grinder
  2026 | D:3      | Paralysed by Grinder for 3 turns
  2041 | D:3      | Mangled by Grinder

Levels and vault maps discovered:
D:1:      dpeg_arrival_stonehenge_8_columns, layout_basic,
          minmay_misc_feat_pillars, palyth_stone_intersect, minmay_unequal
D:2:      layout_loops_cross, nicolae_ru_path_of_blood
D:3:      layout_loops_ring, nicolae_overflow_crystal_walls, first_ration,
          hellmonk_ghost_happy_afterlife, nrook_loot_triangle,
          roderic_roman_lattice, minmay_cupped, uniq_grinder

Skill      XL: |  1  2  3 |
---------------+----------+-----
Long Blades    | 3 4 5 |  5.5
Fighting       | |  3.6
Armour         | |  3.6
Shields        | |  3.2

Action                   |  1- 3 |  4- 6 || total
-------------------------+-------+-------++-------
Melee: Long sword        |   119 |    51 ||   170
Throw: Dart              |       |     2 ||     2
  Use: Potion            |       |     1 ||     1
  Eat: Chunk             |     2 |     3 ||     5
Armor: Scale mail        |     4 |       ||     4
       Leather armour    |    41 |     8 ||    49
Dodge: Dodged            |    34 |    11 ||    45
Block: Kite shield       |    72 |    21 ||    93
       Rpst.: Long sword |    11 |     4 ||    15

Table legend:
 A = Non-vault XP
 B = Vault XP
 C = Vault XP percentage of total XP
 D = Non-vault monster count
 E = Vault monster count
 F = Vault count percentage of total count
                 A         B        C        D         E       F
            +---------+---------+-------+---------+---------+-------
      Total |     115 |       7 |   5.7 |      45 |       4 |   8.2
            +---------+---------+-------+---------+---------+-------
        D:1 |      30 |       7 |  18.9 |      18 |       4 |  18.2
        D:2 |      60 |       0 |   0.0 |      19 |       0 |   0.0
        D:3 |      25 |       0 |   0.0 |       8 |       0 |   0.0
            +---------+---------+-------+---------+---------+-------
